 Dungeon Crawl Stone Soup version 0.31.0-11-ge490571c62 (webtiles) character file.

Game seed: 16237537874502773857

24957 ezpacito the Cleaver (level 12, -11/234 HPs)
             Began as a Demonspawn Berserker on Jan 29, 2024.
             Was a High Priest of Trog.
             Killed by angry trees
             ... awakened by a spriggan druid
              (13 damage)
             ... on level 1 of the Swamp.
             The game lasted 00:20:53 (11028 turns).

ezpacito the Cleaver (Demonspawn Berserker)        Turns: 11028, Time: 00:20:53

Health: -11/234    AC: 26    Str: 19    XL:     12   Next: 85%
Magic:  12/12      EV:  2    Int:  9    God:    Trog [*****.]
Gold:   606        SH:  0    Dex: 15    Spells: 11/11 levels left

rFire   + . .        z - +0 broad axe (chaos)
rCold   . . .        (no shield)
rNeg    . . .        v - melded +1 scale mail of the Wild Haggis {Harm ^Drain rN+ Str+4}
rPois   +            k - melded +2 helmet
rElec   .            u - melded +0 cloak
rCorr   .            (gloves currently unavailable)
SInv    .            y - melded +0 pair of boots
Will    .....        H - amulet of regeneration Stlth
                     M - ring of protection from fire
HPRegen 1.39/turn    I - ring of poison resistance
MPRegen 0.13/turn

%: no passive effects
@: berserking, tree-form, studying Armour, very quick
A: stationary, stasis, torment immunity, boosted hp, (claws 2), (yellow scales
3), (spiny 1), robust 1, inability to read after injury 1
a: Renounce Religion, Berserk, Trog's Hand, Brothers in Arms


You were on level 1 of the Swamp.
You worshipped Trog.
Trog was extremely pleased with you.
You were a tree.
You visited 4 branches of the dungeon, and saw 15 of its levels.

You collected 922 gold pieces.
You spent 316 gold pieces at shops.

Inventory:

Hand Weapons
 d - a +4 vampiric trident
 n - a +1 dagger of distortion
 w - a +2 whip of draining
 z - a +0 broad axe of chaos (weapon)
 E - a +2 war axe of flaming
 O - a +2 heavy battleaxe
Missiles
 g - 2 curare-tipped darts
 p - 137 stones (quivered)
 x - 20 poisoned darts
 A - 12 boomerangs
 B - 4 datura-tipped darts
Armour
 k - a +2 helmet (melded)
 o - +0 acid dragon scales
 u - a +0 cloak (melded)
 v - the +1 scale mail of the Wild Haggis (melded) {Harm ^Drain rN+ Str+4}
   (You found it on level 8 of the Dungeon)

   Str+4:     It affects your strength (+4).
   rN+:       It protects you from negative energy.
   ^Drain:    It drains your maximum health when unequipped.
   Harm:      It increases damage dealt and taken.
 y - a +0 pair of boots (melded)
Jewellery
 c - a ring of see invisible
 s - a +4 ring of slaying
 H - an amulet of regeneration (around neck)
 I - a ring of poison resistance (right branch)
 L - a +5 ring of evasion
 M - a ring of protection from fire (left branch)
 R - a +4 ring of slaying
Talismans
 G - a beast talisman
Wands
 D - a wand of digging (8)
 J - a wand of paralysis (7)
 N - a wand of acid (5)
 P - a wand of flame (19)
Scrolls
 e - 3 scrolls of revelation
 i - 2 scrolls of immolation
 l - 13 scrolls of teleportation
 q - 3 scrolls of fog
 r - 4 scrolls of fear
 F - a scroll of poison
 Q - a scroll of vulnerability
Potions
 f - 2 potions of enlightenment
 h - 4 potions of curing
 j - 3 potions of lignification
 m - a potion of might
 t - 2 potions of magic
 C - 4 potions of attraction
Miscellaneous
 b - a lightning rod (4/4)


   Skills:
 * Level 9.2 Fighting
 * Level 13.2 Axes
 * Level 8.4 Armour
 * Level 6.3 Dodging
 - Level 6.0 Stealth
 * Level 6.0 Unarmed Combat
 * Level 4.0 Evocations


You had 11 spell levels left.
You didn't know any spells.
Your spell library was empty.

Dungeon Overview and Level Annotations

Branches:
Dungeon (11/15)            Temple (1/1) D:7            Lair (2/5) D:11
  Swamp (1/4) Lair:2          Orc (0/2) D:9
  Snake: Lair:2-3    Spider: Lair:2-3

Altars:
Ashenzari
Cheibriados
Dithmenos
Fedhas
Gozag
Hepliaklqana
Kikubaaqudgha
Makhleb
Nemelex Xobeh
Okawaru
Qazlal
Ru
Sif Muna
Trog
Uskayaw
Vehumet
Wu Jian
Xom
Yredelemnul

Shops:
D:5 (   D:9 !   D:11 :


Innate Abilities, Weirdness & Mutations

You are a tree.
Your roots penetrate the ground, keeping you stationary.
You cannot be teleported.
You are immune to unholy pain and torment.
Your maximum health is greatly increased.
Your equipment is partially melded.
((You have very sharp fingernails.))
((You are completely covered in yellow scales. (AC +4, rCorr)))
((You are partially covered in sharp spines.))
You are robust. (+10% HP)
You occasionally lose the ability to read scrolls when taking damage.


Message History

The goliath frog is severely wounded.
A root smacks you from below! The goliath frog misses you.
You barely miss the goliath frog.
The goliath frog is severely wounded.
You are hit by a branch!
The goliath frog is struck by your spines.
The goliath frog hits you!
You are splashed with acid.
You resist.
You hit the goliath frog.
The goliath frog seems to slow down.
You freeze the goliath frog.
The goliath frog is almost dead.
A root lunges up near you. The goliath frog hits you!
* * * LOW HITPOINT WARNING * * *
You are splashed with acid.
You resist.
* * * LOW HITPOINT WARNING * * *
You slash the goliath frog!
You kill the goliath frog!
Trog accepts your kill. A root smacks you from below!
* * * LOW HITPOINT WARNING * * *
The spriggan druid calls out to the beasts of the wild!
You turn into a tree.
Your +0 cloak melds into your body.
Your +2 helmet melds into your body.
Your +0 pair of boots melds into your body.
The +1 scale mail of the Wild Haggis {Harm ^Drain rN+ Str+4} melds into your body.
Your roots penetrate the ground.
Tree limbs sway around you.
You are hit by a branch!
* * * LOW HITPOINT WARNING * * *
The spriggan druid hits you with a +0 quarterstaff.
* * * LOW HITPOINT WARNING * * *
It was a potion of berserk rage.
A red film seems to cover your vision as you go berserk!
You feel yourself moving faster!
You feel mighty! A tree reaches out and hits you!
* * * LOW HITPOINT WARNING * * *
The spriggan druid completely misses you.
You slash the spriggan druid!
The spriggan druid is moderately wounded.
A root smacks you from below!
You die...

♣. ♣.~...♣
.. ♣♣.†~.♣♣
♣.♣♣.†..~~♣
♣....♣.♣~.♣
♣♣~~~~♣♣~:♣♣
♣..♣♣♣♣♣♣..♣
♣.. ♣..♣♣
♣.. ♣...♣
♣.♣ ♣♣.♣♣ ..
♣..i♣ ♣♣~
♣♣w.~.
♣..~~♣
♣♣.~~~~
.~~~..
.~§~...
.~~~(..


You could see a tyrant leech and a spriggan druid.

Vanquished Creatures
  6 death yaks (Lair:2)
  3 two-headed ogres
  2 boulder beetles
  A goliath frog (Swamp:1)
  An ugly thing (D:11)
  2 oklob plants (D:11)
  A manticore (D:11)
  Joseph (D:10)
  3 black mambas
  3 cane toads (Lair:1)
  2 komodo dragons (Lair:1)
  Jeremiah (D:8)
  3 rime drakes (Lair:2)
  A polar bear (Lair:1)
  A tyrant leech (Lair:2)
  Prince Ribbit (D:7)
  2 trolls (D:11)
  3 blink frogs (Lair:1)
  Sigmund (D:2)
  16 yaks
  7 wyverns
  2 shadows
  A basilisk (D:11)
  3 vampire mosquitoes (Swamp:1)
  3 steam dragons
  A swamp worm (Lair:2)
  An acid dragon (D:10)
  5 water moccasins
  A swamp drake (D:9)
  8 orc warriors
  An ice beast (D:7)
  4 ogres
  3 sky beasts
  8 centaurs
  Blork the orc (D:4)
  3 kobold brigands
  The ghost of hikkokomori the Apothecary, an amateur GrAl (D:3)
  A brain worm (shapeshifter) (D:9)
  A gnoll sergeant (D:7)
  5 bullfrogs
  2 scorpions (D:5)
  5 wights (D:6)
  15 killer bees
  5 howler monkeys
  3 hounds
  2 gnoll boudas
  A jelly (D:5)
  14 orc priests
  3 iron imps (D:10)
  Jessica (D:3)
  8 orc wizards
  A sleepcap (D:6)
  Natasha (thrice) (D:2)
  4 hell rats (Lair:1)
  A statue (D:7)
  Robin (D:4)
  9 gnolls
  4 adders
  4 white imps
  8 ufetubi
  A dart slug (D:1)
  2 ribbon worms (D:2)
  41 orcs
  8 ball pythons
  8 endoplasms
  2 giant cockroaches
  16 hobgoblins
  12 jackals
  2 bats (D:2)
  2 frilled lizards
  19 goblins
  21 kobolds
  6 rats
348 creatures vanquished.

Vanquished Creatures (others)
  A bloated husk (Swamp:1)
  A vampire mosquito (Swamp:1)
  An adder (D:5)
3 creatures vanquished.

Grand Total: 351 creatures vanquished

Notes
Turn   | Place    | Note
-------+----------+-------------------------------------------
     0 | D:1      | ezpacito the Demonspawn Berserker began the quest for the
                  | Orb.
     0 | D:1      | Reached XP level 1. HP: 18/18 MP: 1/1
   376 | D:1      | Reached skill level 3 in Axes
   376 | D:1      | Gained mutation: You are partially covered in yellow
                  | scales. (AC +2) [demonic ancestry]
   376 | D:1      | Reached XP level 2. HP: 19/24 MP: 2/2
   872 | D:2      | Noticed Sigmund
   892 | D:2      | Killed Sigmund
   893 | D:2      | Reached skill level 4 in Axes
   893 | D:2      | Reached skill level 1 in Stealth
   893 | D:2      | Reached skill level 1 in Unarmed Combat
   893 | D:2      | Gained mutation: You are mostly covered in yellow scales.
                  | (AC +3) [demonic ancestry]
   893 | D:2      | Reached XP level 3. HP: 30/30 MP: 3/3
   893 | D:2      | Reached XP level 4. HP: 37/37 MP: 4/4
   893 | D:2      | Reached XP level 5. HP: 42/42 MP: 5/5
   941 | D:2      | Reached ** piety under Trog
  1249 | D:2      | Noticed Natasha
  1266 | D:2      | Killed Natasha
  1501 | D:2      | Noticed Natasha
  1506 | D:2      | Killed Natasha
  1507 | D:2      | Reached XP level 6. HP: 40/48 MP: 6/6
  1511 | D:2      | Noticed Natasha
  1517 | D:2      | Killed Natasha
  1761 | D:3      | Found a sparkling altar of Nemelex Xobeh.
  1850 | D:3      | Reached *** piety under Trog
  1981 | D:3      | Found a runed translucent gate.
  1981 | D:3      | Found a runed translucent gate.
  1981 | D:3      | Found a runed translucent gate.
  1982 | D:3      | Noticed hikkokomori's ghost (amateur GrAl)
  2128 | D:3      | Noticed Jessica
  2134 | D:3      | Killed Jessica
  2223 | D:3      | Found an ornate altar of the Wu Jian Council.
  2334 | D:3      | Killed hikkokomori's ghost
  2437 | D:4      | Reached skill level 5 in Axes
  2438 | D:4      | Gained mutation: You are partially covered in sharp spines.
                  | [demonic ancestry]
  2438 | D:4      | Reached XP level 7. HP: 54/54 MP: 7/7
  2440 | D:4      | Noticed Robin
  2446 | D:4      | Killed Robin
  2499 | D:4      | Found a broken altar of Ashenzari.
  3289 | D:4      | Noticed Blork the orc
  3300 | D:4      | Killed Blork the orc
  3393 | D:5      | Entered Level 5 of the Dungeon
  3407 | D:5      | Found an opulent altar of Gozag.
  3463 | D:5      | Found Saraat's Antique Weapon Shop.
  3573 | D:5      | Bought a runed war axe for 162 gold pieces
  3579 | D:5      | Found a shimmering blue altar of Sif Muna.
  3584 | D:5      | Found an iron altar of Okawaru.
  3602 | D:5      | Reached skill level 6 in Axes
  3659 | D:5      | Reached **** piety under Trog
  3660 | D:5      | Gained mutation: You have sharp fingernails. [demonic
                  | ancestry]
  3660 | D:5      | Reached XP level 8. HP: 61/61 MP: 8/8
  3820 | D:5      | Found a hazy altar of Hepliaklqana.
  4034 | D:6      | Reached skill level 5 in Fighting
  4153 | D:6      | Reached skill level 7 in Axes
  4193 | D:6      | Found a stormy altar of Qazlal.
  4361 | D:6      | Reached XP level 9. HP: 68/68 MP: 9/9
  4736 | D:7      | Noticed Prince Ribbit
  4756 | D:7      | Killed Prince Ribbit
  4854 | D:7      | Found a staircase to the Ecumenical Temple.
  4864 | D:7      | Reached skill level 8 in Axes
  4868 | Temple   | Entered the Ecumenical Temple
  4978 | D:7      | Reached ***** piety under Trog
  4996 | D:7      | Found a radiant altar of Vehumet.
  5080 | D:7      | Found a sacrificial altar of Ru.
  5478 | D:8      | Reached skill level 5 in Armour
  5553 | D:8      | Found a blossoming altar of Fedhas.
  5610 | D:8      | Reached skill level 9 in Axes
  5771 | D:8      | Noticed Jeremiah
  5782 | D:8      | Gained mutation: You are completely covered in yellow
                  | scales. (AC +4, rCorr) [demonic ancestry]
  5782 | D:8      | Reached XP level 10. HP: 76/76 MP: 10/10
  5810 | D:8      | Gained mutation: You are robust. (+10% HP) [potion of
                  | mutation]
  5810 | D:8      | Gained mutation: Your spells are a little easier to cast,
                  | but a little less powerful. [potion of mutation]
  5810 | D:8      | Gained mutation: You occasionally lose the ability to read
                  | scrolls when taking damage. [potion of mutation]
  5810 | D:8      | Lost mutation: Your spells are a little easier to cast, but
                  | a little less powerful. [potion of mutation]
  5815 | D:8      | Killed Jeremiah
  5989 | D:8      | Identified the +1 scale mail of the Wild Haggis {Harm
                  | ^Drain rN+ Str+4}
  6511 | D:9      | Noticed a two-headed ogre
  6516 | D:9      | Killed a two-headed ogre
  6517 | D:9      | Reached skill level 10 in Axes
  6660 | D:9      | Found Ysha's Distillery.
  6663 | D:9      | Bought a potion of curing for 33 gold pieces
  6663 | D:9      | Bought a potion of heal wounds for 55 gold pieces
  6663 | D:9      | Bought a potion of curing for 33 gold pieces
  6663 | D:9      | Bought a potion of curing for 33 gold pieces
  7015 | D:9      | Reached skill level 5 in Dodging
  7015 | D:9      | Found a staircase to the Orcish Mines.
  7019 | D:9      | Received a gift from Trog
  7090 | D:9      | Reached skill level 5 in Stealth
  7177 | D:10     | Entered Level 10 of the Dungeon
  7177 | D:10     | Noticed Joseph
  7177 | D:10     | Noticed a two-headed ogre
  7183 | D:10     | Killed a two-headed ogre
  7184 | D:10     | Gained mutation: You have very sharp fingernails. [demonic
                  | ancestry]
  7184 | D:10     | Reached XP level 11. HP: 92/92 MP: 11/11
  7185 | D:10     | Killed Joseph
  7378 | D:10     | Noticed a boulder beetle
  7391 | D:10     | Killed a boulder beetle
  7498 | D:10     | Found a burning altar of Makhleb.
  7639 | D:10     | Reached skill level 11 in Axes
  7865 | D:10     | Reached skill level 1 in Evocations
  8060 | D:11     | Found a staircase to the Lair.
  8060 | D:11     | Noticed an oklob plant
  8062 | D:11     | Noticed an oklob plant
  8064 | D:11     | Noticed a boulder beetle
  8068 | D:11     | Killed an oklob plant
  8096 | D:11     | Killed an oklob plant
  8099 | D:11     | Killed a boulder beetle
  8184 | D:11     | Reached skill level 5 in Unarmed Combat
  8232 | D:11     | Noticed a two-headed ogre
  8237 | D:11     | Killed a two-headed ogre
  8338 | D:11     | Noticed a red ugly thing
  8350 | D:11     | Killed a red ugly thing
  8485 | D:11     | Found Deacwom's Self-Published Books.
  9335 | Lair:1   | Entered Level 1 of the Lair of Beasts
  9548 | Lair:1   | Reached skill level 12 in Axes
  9548 | Lair:1   | Reached XP level 12. HP: 101/101 MP: 12/12
  9900 | Lair:1   | Identified a scroll of acquirement
  9900 | Lair:1   | Acquired a manual of Armour
  9936 | Lair:2   | Noticed a death yak
  9937 | Lair:2   | Noticed a death yak
  9939 | Lair:2   | Noticed a death yak
  9939 | Lair:2   | Noticed a death yak
  9940 | Lair:2   | Noticed a death yak
  9940 | Lair:2   | Noticed a death yak
  9948 | Lair:2   | Killed a death yak
  9948 | Lair:2   | Killed a death yak
  9951 | Lair:2   | Killed a death yak
  9954 | Lair:2   | Killed a death yak
  9957 | Lair:2   | Killed a death yak
  9961 | Lair:2   | Killed a death yak
 10403 | Lair:2   | Reached skill level 13 in Axes
 10406 | Lair:2   | Found a staircase to the Swamp.
 10589 | Lair:2   | Found a snail-covered altar of Cheibriados.
 10957 | Swamp:1  | Entered Level 1 of the Swamp
 11026 | Swamp:1  | HP: 7/156 [spriggan druid/angry trees (9)]
 11027 | Swamp:1  | HP: 1/234 [spriggan druid/angry trees (7)]
 11028 | Swamp:1  | Killed from afar by a spriggan druid

Illustrated notes

Levels and vault maps discovered:
D:1:      dpeg_arrival_pits, layout_loops_ring
D:2:      cheibrodos_greedy_goblins, layout_rooms, minmay_hedge_maze,
          uniq_sigmund, uniq_natasha
D:3:      layout_basic, nicolae_wu_jian_immortal_techniques,
          mainiacjoe_overflow_alcove_2, ebering_ghost_rock_garden, uniq_jessica
D:4:      layout_gridville, ashenzari_altar_1, abandoned_shop, uniq_robin,
          uniq_blork_the_orc
D:5:      layout_rooms, amcnicky_altar_gilded,
          mainiacjoe_overflow_small_starburst, grunt_temple_overflow_open,
          serial_shops, nicolae_shop_stone, lemuel_flamethrower_1
D:6:      layout_gridville, mainiacjoe_overflow_boulevard
D:7:      layout_rooms, lemuel_crystal_altar, vehumet_statue,
          minmay_temple_entry_trees, uniq_prince_ribbit1
D:8:      layout_cave_pools, nicolae_overflow_crystal_walls,
          serial_co_window_serial, co_window_of_opportunity_a,
          co_window_paths_a, co_window_paths_b, co_window_corner_a,
          co_window_of_opportunity_a, co_window_unsneaky_path_c,
          co_window_cross_2, co_window_broadway_b, co_window_corner_cb,
          co_window_broadway_c, co_window_paths_c, co_window_unsneaky_path_d,
          co_window_paths_d, uniq_jeremiah
D:9:      layout_gridville, erik_orc_1, serial_shops,
          nicolae_shop_real_fake_doors
D:10:     layout_roguey, demons_altar, uniq_joseph
D:11:     layout_loops_corners, dpeg_oklobed_lair, nicolae_custom_books,
          kennysheep_generic_room_7
Temple:   jpeg_temple_island
Lair:1:   layout_misc_corridors
Lair:2:   layout_regular_city, minmay_swamp_entry_worms, lemuel_centaur_altar
Swamp:1:  layout_falls_marsh, nicolae_swamp_tree_designs

Skill      XL: |  1  2  3  4  5  6  7  8  9 10 11 12 |
---------------+-------------------------------------+-----
Axes           | 3 4 5 6 7 9 10 12 13 | 13.2
Armour         | 2 3 4 5 6 7 8 |  8.4
Dodging        | 2 3 4 5 6 |  6.3
Stealth        | 1 2 3 4 5 6 |  6.0
Unarmed Combat | 1 2 3 4 5 6 |  6.0
Fighting       | 4 5 6 7 8 9 |  9.2
Evocations     | 2 4 |  4.0

Action                     |  1- 3 |  4- 6 |  7- 9 | 10-12 || total
---------------------------+-------+-------+-------+-------++-------
  Melee: Hand axe          |    66 |   140 |    55 |       ||   261
         Punch             |       |     3 |     7 |    13 ||    23
         War axe           |       |       |   147 |   275 ||   422
         Broad axe         |       |       |       |    62 ||    62
 Invoke: Berserk           |     1 |     3 |     6 |     8 ||    18
  Evoke: Lightning rod     |       |       |       |     2 ||     2
         Wand              |       |       |       |     1 ||     1
    Use: Scroll            |       |     3 |    11 |    10 ||    24
         Potion            |       |       |     2 |    15 ||    17
   Stab: Sleeping          |     2 |     2 |       |       ||     4
 Armour: Animal skin       |    14 |       |       |       ||    14
         Leather armour    |    22 |    66 |       |       ||    88
         Scale mail        |       |    40 |    47 |   291 ||   378
         Chain mail        |       |       |    88 |       ||    88
         Plate armour      |       |       |    23 |    19 ||    42
         Skin              |       |       |       |     1 ||     1
  Dodge: Dodged            |    64 |   106 |    92 |   203 ||   465
